 Dungeon Crawl Stone Soup version 0.24.0-1-gfbc8707 (webtiles) character file.

Game seed: 4512442538610395068, levelgen mode: deterministic

50 dforspid the Chopper (level 3, 0/34 HPs)
             Began as a Hill Orc Monk on Oct 29, 2019.
             Succumbed to an adder's poison
             ... on level 2 of the Dungeon.
             The game lasted 00:02:37 (1001 turns).

dforspid the Chopper (Hill Orc Monk)                Turns: 1001, Time: 00:02:37

Health: 0/34       AC:  2    Str: 16 (19) XL:     3   Next: 79%
Magic:  3/3        EV: 18    Int:  9 (10) God:
Gold:   70         SH:  0    Dex: 16 (18) Spells: 2/2 levels left

rFire    . . .     SeeInvis .   a - +0 hand axe
rCold    . . .     Gourm    .   (no shield)
rNeg     . . .     Faith    .   b - +0 robe
rPois    .         Spirit   .   (no helmet)
rElec    .         Reflect  .   (no cloak)
rCorr    .         Harm     .   (no gloves)
MR       .....                  (no boots)
Stlth    +++.......             (no amulet)
HPRegen  0.11/turn              (no ring)
MPRegen  0.08/turn              (no ring)

@: mighty, agile, lethally poisoned (0 -> -10), hasted, very quick
A: no striking features
a: no special abilities


You were on level 2 of the Dungeon.
You were hungry.

You visited 1 branch of the dungeon, and saw 2 of its levels.

You collected 70 gold pieces.

Inventory:

Hand Weapons
 a - a +0 hand axe (weapon)
Armour
 b - a +0 robe (worn)
Wands
 f - a wand of random effects (10)
Scrolls
 j - a scroll of identify {unknown}
 k - a scroll of teleportation {unknown}
Comestibles
 c - 5 rations


   Skills:
 + Level 4.7 Fighting
 + Level 5.1 Axes
 - Level 2.4 Dodging
 - Level 1.5 Stealth


You had 2 spell levels left.
You didn't know any spells.
Your spell library was empty.

Dungeon Overview and Level Annotations

Branches:
Dungeon (2/15)

Altars:
Dithmenos
Okawaru
Qazlal
The Shining One


Message History

The adder barely misses you.
It was a potion of agility.
You feel agile all of a sudden.
* * * LOW HITPOINT WARNING * * *
You feel sick. The adder bites you but does no damage.
It was a potion of might.
You feel very mighty all of a sudden. The adder bites you.
* * * LOW HITPOINT WARNING * * *
You are more poisoned.
The adder poisons you!
It was a potion of degeneration.
There was something very wrong with that liquid.
You feel weakened.
You feel dopey.
You feel clumsy.
* * * LOW HITPOINT WARNING * * *
You feel sick. The adder barely misses you.
You barely miss the adder.
The adder is heavily wounded.
You are feeling hungry.
You die...

##.##.###.###########
#.###..#†..#
##)###...#†##########
##.#.###............
##.## ##.##########
##.###..# #####
#########.#.#.# #....
#.............#
##.#.# .#####@###...#
#.[..# #S# #...#
#....# #.# #...#
#..##. ..#
#...#####.#### ###
#.........# #
##..#####.## ..#
#..## ..#####...##
...........


You could see an adder.

Vanquished Creatures
  An adder (D:2)
  An ooze (D:1)
  A dart slug (D:2)
  A leopard gecko (D:1)
  A ball python (D:2)
  2 giant cockroaches
  3 goblins
  3 hobgoblins
  2 jackals (D:1)
  5 bats (D:1)
  9 frilled lizards (D:1)
  5 rats
34 creatures vanquished.

Notes
Turn   | Place    | Note
-------+----------+-------------------------------------------
     0 | D:1      | dforspid the Hill Orc Monk began the quest for the Orb.
     0 | D:1      | Reached XP level 1. HP: 19/19 MP: 1/1
     2 | D:1      | Noticed a draconian
     2 | D:1      | Noticed a naga
     4 | D:1      | Noticed a merfolk
     6 | D:1      | Noticed a formicid
     6 | D:1      | Noticed a vampire
     8 | D:1      | Noticed an ogre
     8 | D:1      | Noticed a ghoul
    11 | D:1      | Noticed a vine stalker
    11 | D:1      | Noticed a demonspawn
    13 | D:1      | Noticed an elf
    13 | D:1      | Noticed a dwarf
    17 | D:1      | Noticed a felid
    17 | D:1      | Noticed a troll
    19 | D:1      | Noticed an octopode
    19 | D:1      | Noticed a spriggan
    21 | D:1      | Noticed a human
    21 | D:1      | Noticed a demigod
    23 | D:1      | Noticed a tengu
    23 | D:1      | Noticed a centaur
    25 | D:1      | Noticed a halfling
    25 | D:1      | Noticed a gargoyle
    27 | D:1      | Noticed a minotaur
   344 | D:1      | Reached XP level 2. HP: 27/27 MP: 2/2
   653 | D:1      | Reached XP level 3. HP: 33/34 MP: 3/3
   830 | D:2      | Found a glowing golden altar of the Shining One.
   831 | D:2      | Found a shadowy altar of Dithmenos.
   831 | D:2      | Found a stormy altar of Qazlal.
   838 | D:2      | Found an iron altar of Okawaru.
   854 | D:2      | Reached skill level 5 in Axes
  1000 | D:2      | HP: 1/34 [poisoned by an adder]
  1001 | D:2      | Succumbed to an adder's poison

Levels and vault maps discovered:
D:1:      kb_arrival_jail, layout_basic, dk_noncrumbling_3, minmay_lizard_king
D:2:      layout_loops_ring, chequers_temple_overflow_statue_of_worship,
          chequers_ecumenical_altar_grove, kennysheep_generic_room_6,
          uniq_jessica, uniq_sigmund

Skill      XL: |  1  2  3 |
---------------+----------+-----
Fighting       | 4 |  4.7
Axes           | 5 |  5.1
Dodging        | |  2.4
Stealth        | |  1.5

Action                   || total
-------------------------++-------
Melee: Hand axe          ||   124
  Use: Scroll            ||     3
       Potion            ||     4
 Stab: Sleeping          ||     7
Armor: Robe              ||    17
Dodge: Dodged            ||    88
